 Dungeon Crawl Stone Soup version 0.29-a0-551-gffc1d7fb78 (webtiles) character file.

Game seed: 10754907365842256495

9 nobbins the Conjurer (level 2, -7/20 HPs)
             Began as a Draconian Conjurer on June 6, 2022.
             Engulfed by a cloud of flame (21 damage)
             ... on level 1 of the Dungeon.
             The game lasted 00:03:38 (368 turns).

nobbins the Conjurer (Draconian Conjurer)            Turns: 368, Time: 00:03:39

Health: -7/20      AC:  4    Str:  9    XL:     2   Next: 3%
Magic:  5/5        EV: 12    Int: 18    God:
Gold:   19         SH:  0    Dex:  9    Spells: 2/5 levels left

rFire   . . .      SeeInvis .   b - +0 quarterstaff
rCold   . . .      Faith    .   (shield currently unavailable)
rNeg    . . .      Spirit   .   (body armour unavailable)
rPois   .          Reflect  .   (helmet restricted)
rElec   .          Harm     .   (no cloak)
rCorr   .          Rampage  .   (no gloves)
Will    .....                   (no boots)
Stlth   ++........              (no amulet)
HPRegen 0.06/turn               (no ring)
MPRegen 0.09/turn               (no ring)

@: no status effects
A: AC +4, unfitting armour, cold-blooded
a: no special abilities


You were on level 1 of the Dungeon.
You visited 1 branch of the dungeon, and saw 1 of its levels.

You collected 19 gold pieces.

Inventory:

Hand Weapons
 b - a +0 quarterstaff (weapon)
Armour
 h - a +0 robe
Jewellery
 g - a ring of resist corrosion
Scrolls
 c - 3 scrolls of poison
Potions
 a - a potion of magic
 d - a potion of lignification


   Skills:
 + Level 2.0 Dodging
 + Level 1.7 Stealth
 + Level 2.0 Spellcasting
 + Level 4.3 Conjurations


You had 2 spell levels left.
You knew the following spells:

 Your Spells              Type           Power      Damage    Failure   Level
a - Magic Dart            Conj           68%        1d6       3%          1
b - Searing Ray           Conj           34%        2d5       4%          2

Your spell library contained the following spells:

 Spells                   Type           Power      Damage    Failure   Level
 Blink                    Tloc           2%         N/A       26%         2
 Dazzling Flash           Conj/Hex       18%        N/A       22%         3
 Gell's Gravitas          Tloc           1%         N/A       47%         3
 Lesser Beckoning         Tloc           1%         N/A       47%         3
 Teleport Other           Tloc           1%         N/A       47%         3
 Fulminant Prism          Conj/Hex       4%         3d6       58%         4
 Iskenderun's Mystic Bla  Conj/Tloc      9%         2d4       58%         4
 Manifold Assault         Tloc           1%         N/A       99%         5
 Dispersal                Tloc           0%         N/A       100%        6


Dungeon Overview and Level Annotations

Branches:
Dungeon (1/15)

Altars:


Innate Abilities, Weirdness & Mutations

Your plain brown scales are hard. (AC +4)
You cannot fit into any form of body armour.
You are cold-blooded and may be slowed by cold attacks.


Message History

Press: ? - help, Shift-Dir - straight line, f - giant cockroach
Aim: a giant cockroach (100% to hit)
The magic dart hits the giant cockroach.
The giant cockroach is moderately wounded.
Casting: Magic Dart (safe; 3% risk of failure)
Confirm with . or Enter, or press ? or * to list all spells.
Aiming: Magic Dart (safe; 3% risk of failure)
Press: ? - help, Shift-Dir - straight line, f/p - giant cockroach
Aim: a giant cockroach (moderately wounded, 100% to hit)
The magic dart hits the giant cockroach.
You kill the giant cockroach!
You have reached level 2!
Okay, then.
Memorise Searing Ray, consuming 2 spell levels and leaving 2?
You start memorising the spell.
You continue memorising. x2
You finish memorising.
Spell assigned to 'b'.
Found a scroll of poison.
Found a ring mail.
c - 3 scrolls of poison (gained 1)
You see here a +0 ring mail.
You now have 19 gold pieces (gained 11).
A rat comes into view.
As you read the scroll labelled BEFAHI BARAGOCY, it crumbles to dust.
It is a scroll of identify.
d - a potion of lignification You aren't wearing any rings or amulets.
As you read the scroll labelled JAOTHR ININ, it crumbles to dust.
The creatures around you are filled with an inner flame!
It was a scroll of immolation.
The rat barely misses you. The rat attacks as you move away!
The rat closely misses you. The rat attacks as you move away!
The rat barely misses you.
You barely miss the rat. The rat bites you.
You hit the rat but do no damage.
You tail-slap the rat, but do no damage.
The rat bites you but does no damage.
You hit the rat.
The rat explodes!
The fiery explosion engulfs you.
You are engulfed in blazing flames.
Ouch! That really hurt!
You die...

######....#.#.# #.##......####
..........#.#.# #.##......#
##..##........# #.##......#
#..#####.#..######.##..[...#
##..# #.#..#...##.##.###..#
....#####.#..#..............#
#.........#..#....#.##.###..#####
#.#†##....#..#..............#...
..........#..#.§@#####.####.#.#..
#.#.##.#.##..#.§.##..............
.....# .... #.§§##.##..#########
....####.##. #...## #..#
.........# ....... #..#
....#.............. #..#
....#..#.##.#####.#. #..# ...##
.# #. .#.##..# ...# . . .# ###.#


There were no monsters in sight!

Vanquished Creatures
  2 bats (D:1)
  A giant cockroach (D:1)
  A goblin (D:1)
  2 kobolds (D:1)
  3 rats (D:1)
9 creatures vanquished.

Notes
Turn   | Place    | Note
-------+----------+-------------------------------------------
     0 | D:1      | nobbins the Draconian Conjurer began the quest for the Orb.
     0 | D:1      | Reached XP level 1. HP: 14/14 MP: 3/3
   298 | D:1      | Reached XP level 2. HP: 20/20 MP: 1/5
   301 | D:1      | Learned a level 2 spell: Searing Ray
   368 | D:1      | Engulfed by a cloud of flame

Illustrated notes

Levels and vault maps discovered:
D:1:      ebering_trefoil_twist, layout_basic, minivault_27

Skill      XL: |  1 |
---------------+----+-----
Dodging        | 2 |  2.0
Stealth        | |  1.7
Spellcasting   | |  2.0
Conjurations   | |  4.3

Action                   || total
-------------------------++-------
Melee: Quarterstaff      ||    12
       Tailslap          ||     1
 Cast: Magic Dart        ||     7
  Use: Scroll            ||     3
Armor: Skin              ||     5
Dodge: Dodged            ||    13

Table legend: (Time is in decaauts)
 A = Elapsed time spent in this place.
 B = Non-inter-level travel time spent in this place.
 C = Inter-level travel time spent in this place.
 D = Time resting spent in this place.
 E = Time spent auto-exploring this place.
 F = Levels seen in this place.
 G = Mean time per level.
                   A        B        C        D        E       F      G
               +--------+--------+--------+--------+--------+-----+--------+
         Total |    370 |    370 |      0 |      0 |    162 |   1 |  370.0 |
       Dungeon |    370 |    370 |      0 |      0 |    162 |   1 |  370.0 |
               +--------+--------+--------+--------+--------+-----+--------+

Top non-repeatable levels by time:
     D:1: 370 daAuts
